 Dungeon Crawl Stone Soup version 0.30-a0-772-g5528072125 (webtiles) character file.

Game seed: 271953369323329825

39 Crownlay the Digger (level 3, 0/19 HPs)
             Began as a Gargoyle Earth Elementalist on Feb 12, 2023.
             Slain by Terence
             ... wielding a +3 short sword
              (2 damage)
             ... on level 1 of the Dungeon.
             The game lasted 00:01:52 (1078 turns).

Crownlay the Digger (Gargoyle Earth Elementalist)   Turns: 1078, Time: 00:01:52

Health: 0/19       AC:  5    Str: 11    XL:     3   Next: 45%
Magic:  0/7        EV: 11    Int: 17    God:
Gold:   7          SH:  0    Dex: 10    Spells: 4/8 levels left

rFire   . . .      SeeInvis .    c - +0 dagger
rCold   . . .      Faith    .    (no shield)
rNeg    + . .      Spirit   .    a - +0 robe
rPois   ∞          Reflect  .    (no helmet)
rElec   +          Harm     .    (no cloak)
rCorr   .          Rampage  .    (no gloves)
Will    .....                    (no boots)
Stlth   ++                       (no amulet)
HPRegen 0.23/turn                (no ring)
MPRegen 0.10/turn                (no ring)

@: mighty
A: sickness immunity, AC +3, negative energy resistance 1, electricity
resistance, torment resistance 1, petrification resistance
a: no special abilities


You were on level 1 of the Dungeon.
You visited 1 branch of the dungeon, and saw 2 of its levels.

You collected 7 gold pieces.

Inventory:

Hand Weapons
 c - a +0 dagger (weapon)
Armour
 a - a +0 robe (worn)
Potions
 b - a potion of magic
 d - a potion of resistance
 f - a potion of might


   Skills:
 - Level 1.5 Dodging
 - Level 2.1 Stealth
 * Level 3.1 Spellcasting
 - Level 0.7 Transmutations
 + Level 4.2 Earth Magic


You had 4 spell levels left.
You knew the following spells:

 Your Spells              Type           Power      Damage    Failure   Level
a - Sandblast             Erth           34%        2d9       3%          1
b - Stone Arrow           Conj/Erth      18%        3d8       22%         3

Your spell library contained the following spells:

 Spells                   Type           Power      Damage    Failure   Level
 Passwall                 Tmut/Erth      9%         N/A       10%         2
 Petrify                  Tmut/Erth      11%        N/A       52%         4


Dungeon Overview and Level Annotations

Branches:
Dungeon (2/15)

Altars:

Annotations:
D:1 Terence
D:2 Robin


Innate Abilities, Weirdness & Mutations

You are immune to sickness and miasma.
Your stone body is resilient. (AC +3)
You are immune to poison.
You resist negative energy. (rN+)
You are resistant to electric shocks. (rElec)
You are resistant to unholy torment.
You are immune to petrification.


Message History

Casting: Sandblast (safe; 3% risk of failure)
Confirm with . or Enter, or press ? or * to list all spells.
Aiming: Sandblast (safe; 3% risk of failure)
Press: ? - help, Shift-Dir - straight line, f/p - Terence
Aim: Terence, wielding a +3 short sword and wearing a +1 ring mail of cold resistance (unusually resistant, 84% to hit)
The blast of sand hits Terence but does no damage.
You feel yourself slow down. Terence closely misses you.
Casting: Sandblast (safe; 3% risk of failure)
Confirm with . or Enter, or press ? or * to list all spells.
Aiming: Sandblast (safe; 3% risk of failure)
Press: ? - help, Shift-Dir - straight line, f/p - Terence
Aim: Terence, wielding a +3 short sword and wearing a +1 ring mail of cold resistance (unusually resistant, 84% to hit)
You miscast Sandblast.
You are very lightly contaminated with residual magic.
Nothing appears to happen.
Terence is no longer unusually resistant.
Terence closely misses you.
Casting: Sandblast (safe; 3% risk of failure)
Confirm with . or Enter, or press ? or * to list all spells.
The spell is astonishingly dangerous to miscast (22% risk of failure)!
Continue anyway? [Y]es or [N]o only, please.
The spell is astonishingly dangerous to miscast (22% risk of failure)!
Continue anyway?
Aiming: Stone Arrow (astonishingly dangerous; 22% risk of failure)
Press: ? - help, Shift-Dir - straight line, f/p - Terence
Aim: Terence, wielding a +3 short sword and wearing a +1 ring mail of cold resistance (69% to hit)
The stone arrow hits Terence!
Terence is heavily wounded.
Terence hits you with a +3 short sword.
* * * LOW HITPOINT WARNING * * *
Terence attacks as you move away! Terence closely misses you.
You puncture Terence!
Terence is almost dead.
Terence hits you with a +3 short sword.
* * * LOW HITPOINT WARNING * * *
Your magical contamination has completely faded away.
You completely miss Terence.
Terence is almost dead.
Terence hits you with a +3 short sword.
You die...

#.## ##.# #####.........(#.
#..###.## #### #.........#..
#.#.#.## #..# #.........#..
..##.## #..# #).........#. ####.#
#..# #†..........# ...#.#####
#..#######............ .#.......#
#.....................
.))..###.###...######............
.>#..###........@@............(..
###.............#################
##.#######..### #.# #..# #.# #..#
#.# #..# ##.## #..# ##...## #..#
#.#.#.#####..#


You could see Terence.

Vanquished Creatures
  A dart slug (D:1)
  2 endoplasms (D:1)
  A giant cockroach (D:1)
  10 goblins
  5 hobgoblins (D:1)
  2 quokkas (D:1)
  3 bats (D:1)
  3 frilled lizards (D:1)
  3 kobolds (D:1)
  2 rats (D:1)
32 creatures vanquished.

Notes
Turn   | Place    | Note
-------+----------+-------------------------------------------
     0 | D:1      | Crownlay the Gargoyle Earth Elementalist began the quest
                  | for the Orb.
     0 | D:1      | Reached XP level 1. HP: 10/10 MP: 3/3
    56 | D:1      | Reached XP level 2. HP: 13/15 MP: 0/5
   308 | D:1      | Reached skill level 4 in Earth Magic
   505 | D:1      | Reached XP level 3. HP: 19/19 MP: 5/7
   907 | D:2      | Noticed Robin
  1011 | D:2      | Noticed Terence
  1055 | D:1      | Learned a level 3 spell: Stone Arrow
  1078 | D:1      | Slain by Terence

Illustrated notes

Levels and vault maps discovered:
D:1:      dpeg_arrival_solitude, layout_loops_ring
D:2:      layout_rooms, basic_altar, uniq_terence, uniq_natasha, uniq_robin

Skill      XL: |  1  2  3 |
---------------+----------+-----
Earth Magic    | 4 |  4.2
Spellcasting   | 3 |  3.1
Dodging        | |  1.5
Stealth        | |  2.1
Transmutations | |  0.7

Action                     || total
---------------------------++-------
  Melee: Dagger            ||     8
   Cast: Sandblast         ||    46
         Stone Arrow       ||     1
    Use: Potion            ||     2
 Armour: Robe              ||    12
  Dodge: Dodged            ||    23

Table legend: (Time is in decaauts)
 A = Elapsed time spent in this place.
 B = Non-inter-level travel time spent in this place.
 C = Inter-level travel time spent in this place.
 D = Time resting spent in this place.
 E = Time spent auto-exploring this place.
 F = Levels seen in this place.
 G = Mean time per level.
                   A        B        C        D        E       F      G
               +--------+--------+--------+--------+--------+-----+--------+
         Total |   1083 |   1020 |     63 |      0 |    831 |   2 |  541.5 |
       Dungeon |   1083 |   1020 |     63 |      0 |    831 |   2 |  541.5 |
               +--------+--------+--------+--------+--------+-----+--------+

Top non-repeatable levels by time:
     D:1: 1075 daAuts
     D:2: 8 daAuts
